[Event "Titled Tuesday Blitz March 28 Early 2023"]
[White "Mahdavi, Reza"]
[Black "Daneshvar, Bardiya"]
[WhiteFideId "12595926"]
[BlackFideId "12576468"]
[WhiteElo "2208"]
[BlackElo "2468"]
[Result "1-0"]
[Round "05"]
[TimeControl "180+2"]
[Date "2023.03.28"]
[WhiteClock "0:02:09"]
[BlackClock "0:01:47"]

1. Nf3 g6 2. g3 Bg7 3. d4 b6 4. Bg2 Bb7 5. b3 c5 6. Bb2 cxd4 7. Bxd4 Nf6 8. O-O d5 9. c4 dxc4 10. bxc4 O-O 11. Qb3 Nc6 12. Bc3 Rc8 13. Rd1 Qc7 14. Na3 Qb8 15. Rac1 Ne4 16. Bxg7 Kxg7 17. Qe3 Nc5 18. Nb5 Rcd8 19. h4 a6 20. Nbd4 Nxd4 21. Nxd4 Bxg2 22. Kxg2 Qb7+ 23. Nf3 f6 24. Rb1 Qc6 25. Rxd8 Rxd8 26. Qxe7+ 1-0


[Site "https://www.chess.com"]

[Event "Titled Tuesday Blitz March 28 Early 2023"]
[White "Kramnik, Vladimir"]
[Black "Harshavardhan G B"]
[WhiteFideId "4101588"]
[BlackFideId "25059009"]
[WhiteElo "2712"]
[BlackElo "2323"]
[Result "1-0"]
[Round "05"]
[TimeControl "180+2"]
[Date "2023.03.28"]
[WhiteClock "0:00:20"]
[BlackClock "0:00:06"]

1. c4 Nf6 2. Nc3 e6 3. Nf3 Bb4 4. Qc2 O-O 5. a3 Bxc3 6. Qxc3 b6 7. e3 Bb7 8. Be2 d6 9. b4 Nbd7 10. Bb2 a5 11. O-O e5 12. d3 Qe7 13. Nd2 c5 14. bxc5 Nxc5 15. Rab1 Qc7 16. Ba1 Rab8 17. Rfc1 Rfe8 18. Bf1 h6 19. Qc2 Bc6 20. Qd1 Qd8 21. d4 exd4 22. exd4 Ba4 23. Qf3 Nce4 24. Nxe4 Nxe4 25. d5 Qg5 26. Bc3 Nxc3 27. Qxc3 Bd7 28. Qd4 Qe5 29. Qxe5 Rxe5 30. h3 g5 31. Rb3 Bf5 32. f3 Kg7 33. Kf2 Re7 34. g4 Bg6 35. Rcc3 Rc7 36. Re3 h5 37. Be2 h4 38. Rb2 Rcb7 39. f4 gxf4 40. Rf3 b5 41. cxb5 Be4 42. Rxf4 Bxd5 43. Rd4 Be6 44. Rxd6 Kf6 45. Ra6 Ke5 46. b6 Bd5 47. Rxa5 Ke6 48. Rxd5 Kxd5 49. Bf3+ Kc5 50. Bxb7 Rxb7 51. Kf3 Rxb6 52. Rxb6 Kxb6 53. g5 1-0


[Site "https://www.chess.com"]

[Event "Titled Tuesday Blitz March 28 Early 2023"]
[White "Makhnev, Denis"]
[Black "Santos Ruiz, Miguel"]
[WhiteFideId "13707647"]
[BlackFideId "22291482"]
[WhiteElo "2525"]
[BlackElo "2504"]
[Result "1-0"]
[Round "05"]
[TimeControl "180+2"]
[Date "2023.03.28"]
[WhiteClock "0:00:13"]
[BlackClock "0:00:04"]

1. d4 Nf6 2. c4 e6 3. Nf3 d5 4. Nc3 a6 5. cxd5 exd5 6. Bg5 Be6 7. e3 Nbd7 8. Bd3 h6 9. Bf4 g5 10. Bg3 Nh5 11. Qc2 Nxg3 12. hxg3 Nb6 13. O-O-O Qe7 14. Ne5 O-O-O 15. Kb1 Bg7 16. f4 Kb8 17. e4 Bc8 18. Rhe1 dxe4 19. Bxe4 Rhe8 20. Bc6 Qf8 21. Bxe8 Rxe8 22. d5 Rd8 23. Ka1 h5 24. fxg5 Bg4 25. Nxg4 hxg4 26. Qb3 Qc5 27. Ne4 Qa5 28. d6 cxd6 29. Qxf7 Rd7 30. Qb3 d5 31. Nf6 Rc7 32. Ne8 Bxb2+ 33. Qxb2 Nc4 34. Qb3 Rc5 35. Rc1 Rb5 36. Qc3 Qa4 37. Rb1 Ra5 38. Re2 Qc6 39. Nf6 d4 40. Qxd4 Na3 41. Re8+ Qxe8 42. Qd6+ Ka8 43. Nxe8 Rb5 44. Rxb5 1-0


[Site "https://www.chess.com"]

[Event "Titled Tuesday Blitz March 28 Early 2023"]
[White "Sjugirov, Sanan"]
[Black "Cherniaiev, Tykhon"]
[WhiteFideId "4189302"]
[BlackFideId "14182360"]
[WhiteElo "2569"]
[BlackElo "2450"]
[Result "1-0"]
[Round "05"]
[TimeControl "180+2"]
[Date "2023.03.28"]
[WhiteClock "0:00:13"]
[BlackClock "0:00:09"]

1. d4 Nf6 2. Nf3 e6 3. c4 d5 4. g3 Be7 5. Bg2 O-O 6. O-O dxc4 7. Qa4 a6 8. Qxc4 b5 9. Qc2 Bb7 10. Bd2 Nbd7 11. Ba5 Qc8 12. b4 Be4 13. Qc1 Qb7 14. Nbd2 Bd5 15. Qc2 Ne4 16. Bh3 Nb6 17. Rfc1 Nxd2 18. Nxd2 Nc4 19. Nxc4 Bxc4 20. Bg2 c6 21. e3 Bd8 22. Bxd8 Rfxd8 23. a4 h6 24. Ra3 Qe7 25. Qb2 Rac8 26. axb5 axb5 27. Ra6 Qb7 28. Rca1 Ra8 29. Bxc6 Qxa6 30. Bxa8 Rxa8 31. Rxa6 Rxa6 32. e4 Ra2 33. Qc1 Re2 34. f3 Kh7 35. Qd1 Re3 36. Kg2 Rd3 37. Qa1 Rd2+ 38. Kh3 g5 39. g4 Rd3 40. Kg3 Rb3 41. Qd1 Rd3 42. Qg1 Rb3 43. Qf2 Rxb4 44. d5 exd5 45. exd5 Bxd5 46. Qc5 Rf4 47. Qxd5 b4 48. Qd6 Kg7 49. Qb6 Kh7 50. Qc5 Kg7 51. Qe5+ Kh7 52. h4 f6 53. Qe7+ Kg8 54. h5 Kh8 55. Qe8+ Kg7 56. Qg6+ Kf8 57. Qxh6+ Ke7 58. Qg7+ Kd6 59. Qf8+ Kd5 60. h6 b3 61. Qg8+ Kc5 62. Qxb3 f5 63. Qe3+ Kd5 64. Qxf4 gxf4+ 65. Kxf4 fxg4 66. fxg4 Ke6 67. h7 Kf7 68. h8=Q Kg6 69. Qh5+ Kg7 70. Qe5+ Kh7 71. Qf6 Kg8 72. Qe7 Kh8 73. Kg5 Kg8 74. Kg6 Kh8 75. Qe8# 1-0


[Site "https://www.chess.com"]

[Event "Titled Tuesday Blitz March 28 Early 2023"]
[White "Prohaszka, Peter"]
[Black "Dominguez Perez, Leinier"]
[WhiteFideId "726265"]
[BlackFideId "3503240"]
[WhiteElo "2626"]
[BlackElo "2647"]
[Result "0-1"]
[Round "05"]
[TimeControl "180+2"]
[Date "2023.03.28"]
[WhiteClock "0:00:04"]
[BlackClock "0:00:06"]

1. d4 d5 2. c3 Nf6 3. Nf3 c6 4. Bf4 Bf5 5. Qb3 Qc8 6. e3 e6 7. c4 Be7 8. h3 h6 9. Nc3 O-O 10. Rc1 Nbd7 11. cxd5 exd5 12. Be2 a5 13. O-O Bd8 14. Nb5 Ne8 15. a4 Ndf6 16. Bd6 Qe6 17. Bxf8 Kxf8 18. Na3 Nd6 19. Ne5 Nfe4 20. Nb1 f6 21. Nd3 g5 22. Qd1 Bh7 23. Qe1 Nf5 24. Bg4 Bc7 25. Nc3 Qd6 26. f4 Nfg3 27. Rf3 Nxc3 28. bxc3 Ne4 29. c4 dxc4 30. Rxc4 Bg8 31. Rc1 Bd5 32. Ne5 Kg7 33. Nc4 Qe7 34. Bf5 Re8 35. Qe2 Qb4 36. Kh1 Nc3 37. Qd3 Bxf3 38. Qxc3 Qxc3 39. Rxc3 Bd5 40. Nd2 gxf4 41. e4 Bf7 42. Nf3 Bh5 43. Rc2 Rd8 44. Rb2 b6 45. Rc2 Be8 46. d5 c5 47. Nd4 Kf7 48. Ne6 Rd7 49. Rb2 Ke7 50. Kg1 Bd8 51. Kf1 Rd6 52. Ra2 Bd7 53. Ke2 Bxe6 54. Bxe6 Bc7 55. Kd3 Rd8 56. Kc4 Kd6 57. Kb5 Re8 58. Rc2 Re7 59. Kc4 Rg7 60. Re2 Rg3 61. Kb5 Re3 62. Rf2 Rxe4 63. Rf3 Rb4+ 64. Ka6 Rxa4 65. Rg3 0-1


[Site "https://www.chess.com"]

[Event "Titled Tuesday Blitz March 28 Early 2023"]
[White "HSH1987"]
[Black "Kamsky, Gata"]
[BlackFideId "2000024"]
[WhiteElo "2711"]
[BlackElo "2666"]
[Result "1/2-1/2"]
[Round "05"]
[TimeControl "180+2"]
[Date "2023.03.28"]
[WhiteClock "0:00:18"]
[BlackClock "0:00:13"]

1. Nf3 d5 2. g3 Nf6 3. Bg2 c6 4. O-O Bf5 5. d3 h6 6. Nbd2 e6 7. c4 Bh7 8. b3 Be7 9. Bb2 O-O 10. a3 a5 11. Rc1 Na6 12. Rc2 Nd7 13. Qa1 Bf6 14. Rfc1 Re8 15. Ne5 Nxe5 16. Bxe5 Bxe5 17. Qxe5 Qe7 18. Qb2 Red8 19. Nf3 Qd6 20. Rb1 Nc7 21. b4 axb4 22. axb4 Bf5 23. Nd4 Bg6 24. c5 Qe7 25. Nb3 e5 26. Ra1 Nb5 27. Qc1 d4 28. Na5 Kh7 29. Qd2 e4 30. dxe4 Bxe4 31. Bxe4+ Qxe4 32. Re1 Rd7 33. Qd3 Re8 34. Qxe4+ Rxe4 35. f3 Re6 36. Kf2 Rde7 37. Rd2 g5 38. g4 Kg6 39. Nb3 Rd7 40. Red1 Rde7 41. Re1 Rd7 42. Red1 Rde7 43. Re1 1/2-1/2


[Site "https://www.chess.com"]

[Event "Titled Tuesday Blitz March 28 Early 2023"]
[White "polandchessplayer"]
[Black "Drygalov, Andrey"]
[BlackFideId "24171735"]
[WhiteElo "2698"]
[BlackElo "2471"]
[Result "0-1"]
[Round "05"]
[TimeControl "180+2"]
[Date "2023.03.28"]
[WhiteClock "0:00:08"]
[BlackClock "0:00:02"]

1. c4 Nf6 2. Nf3 e6 3. g3 d5 4. Bg2 dxc4 5. O-O c6 6. a4 Na6 7. Ne5 Be7 8. Nxc4 O-O 9. b3 Nb4 10. Bb2 c5 11. Nba3 Nfd5 12. d4 Bf6 13. e4 Nb6 14. e5 Be7 15. Nb5 N6d5 16. Nbd6 cxd4 17. Bxd4 Nc6 18. Bb2 Ncb4 19. Qe2 b6 20. Rfd1 Ba6 21. Qg4 g6 22. Rac1 Bxd6 23. exd6 Bb7 24. h4 h5 25. Qd4 f6 26. Bh3 Qd7 27. Re1 Rae8 28. Qe4 Kf7 29. Qf3 Kg7 30. Qe2 Bc8 31. Qd2 Kh7 32. Ba3 a5 33. Bb2 Qf7 34. Rcd1 e5 35. Bg2 Be6 36. Bc1 Kg8 37. Ba3 Rd8 38. f4 exf4 39. Rxe6 Qxe6 40. Bxd5 Nxd5 41. Qxd5 Qxd5 42. Rxd5 fxg3 43. d7 Rf7 44. Nxb6 f5 45. Kg2 f4 46. Kf3 Rf6 47. Be7 Rxb6 48. Bxd8 Rxb3+ 49. Kxf4 g2 50. Bb6 Rb4+ 51. Kg5 Kg7 52. d8=Q Rg4# 0-1


[Site "https://www.chess.com"]

[Event "Titled Tuesday Blitz March 28 Early 2023"]
[White "Drozdowski, Kacper"]
[Black "Hamitevici, Vladimir"]
[WhiteFideId "1136720"]
[BlackFideId "13902393"]
[WhiteElo "2497"]
[BlackElo "2401"]
[Result "1-0"]
[Round "05"]
[TimeControl "180+2"]
[Date "2023.03.28"]
[WhiteClock "0:00:15"]
[BlackClock "0:00:02"]

1. e4 c6 2. d4 d5 3. Nc3 a6 4. Nf3 Bg4 5. h3 Bh5 6. Be2 e6 7. O-O Nf6 8. Ne5 Bxe2 9. Qxe2 Bb4 10. Bg5 h6 11. Bxf6 gxf6 12. Nd3 Bxc3 13. bxc3 Nd7 14. Rfe1 Qe7 15. Qh5 dxe4 16. Rxe4 f5 17. Ree1 Nf6 18. Qf3 Rg8 19. Ne5 Ne4 20. c4 O-O-O 21. Rad1 f6 22. Nd3 Rxd4 23. Qe3 Qg7 24. g3 e5 25. Qf3 Kc7 26. Kh2 Qd7 27. Nb2 Ng5 28. Qh5 e4 29. Kg2 Nf3 30. Rf1 f4 31. Rxd4 Nxd4 32. Qxh6 f3+ 33. Kh2 Nf5 34. Qf4+ Kc8 35. Qxe4 Nd4 36. Nd3 Rh8 37. h4 f5 38. Qf4 Rg8 39. Ne5 Qe6 40. Qxd4 Re8 41. Nxf3 f4 42. Qxf4 1-0


[Site "https://www.chess.com"]

[Event "Titled Tuesday Blitz March 28 Early 2023"]
[White "Durarbayli, Vasif"]
[Black "Subelj, Jan"]
[WhiteFideId "13402935"]
[BlackFideId "14618583"]
[WhiteElo "2543"]
[BlackElo "2474"]
[Result "0-1"]
[Round "05"]
[TimeControl "180+2"]
[Date "2023.03.28"]
[WhiteClock "0:00:06"]
[BlackClock "0:00:41"]

1. e4 Nc6 2. Nc3 e6 3. Nf3 d5 4. Bb5 Ne7 5. O-O a6 6. Bxc6+ Nxc6 7. d4 Be7 8. Bf4 O-O 9. Qd3 Nb4 10. Qd2 b6 11. a3 dxe4 12. Nxe4 Nd5 13. Bg3 Bb7 14. Rfe1 h6 15. c4 Nf6 16. Nxf6+ Bxf6 17. Ne5 c5 18. Rad1 cxd4 19. Qxd4 Qxd4 20. Rxd4 Rfd8 21. Red1 Rxd4 22. Rxd4 Rd8 23. Rxd8+ Bxd8 24. b4 Be7 25. Nd7 a5 26. b5 Bd8 27. c5 bxc5 28. Nxc5 Bd5 29. Bd6 f6 30. Na4 Kf7 31. Nc3 Bb7 32. f4 Ke8 33. Bc5 Kd7 34. Kf2 Bc7 35. g3 g5 36. Ke3 f5 37. a4 gxf4+ 38. gxf4 e5 39. Ne2 Be4 40. b6 Bb8 41. fxe5 Bxe5 42. Ng3 Bc2 43. Kd2 Bb1 44. Bf2 Kc6 45. Kc1 Be4 46. Kd2 Bf4+ 47. Kc3 Be5+ 48. Bd4 Bxd4+ 49. Kxd4 Kxb6 50. Nxe4 fxe4 51. Kxe4 Kc5 52. h4 Kb4 53. Kd4 Kxa4 54. Kc4 Ka3 55. Kc3 h5 56. Kc2 Kb4 57. Kb2 Kc4 58. Ka3 Kd4 59. Ka4 Ke4 60. Kxa5 Kf4 61. Kb4 Kg4 62. Kc3 Kxh4 63. Kd2 Kg3 64. Ke1 Kg2 0-1


[Site "https://www.chess.com"]

[Event "Titled Tuesday Blitz March 28 Early 2023"]
[White "Vasquez Schroeder, Rodrigo"]
[Black "Darini, Pouria"]
[WhiteFideId "3400042"]
[BlackFideId "12502200"]
[WhiteElo "2600"]
[BlackElo "2482"]
[Result "1-0"]
[Round "05"]
[TimeControl "180+2"]
[Date "2023.03.28"]
[WhiteClock "0:00:32"]
[BlackClock "0:00:01"]

1. d4 Nf6 2. Nf3 g6 3. c4 Bg7 4. g3 O-O 5. Bg2 d5 6. cxd5 Nxd5 7. O-O Nb6 8. Nc3 Nc6 9. e3 e5 10. d5 Na5 11. e4 c6 12. Bg5 f6 13. Be3 cxd5 14. exd5 Bg4 15. b3 Rc8 16. Qd2 Nd7 17. Rac1 Nc5 18. Nb5 Qb6 19. Qb4 Nd3 20. Qa4 Qa6 21. Rxc8 Rxc8 22. Qxg4 f5 23. Qa4 1-0


[Site "https://www.chess.com"]

[Event "Titled Tuesday Blitz March 28 Early 2023"]
[White "Tregubov, Pavel V."]
[Black "Mitrabha, Guha"]
[WhiteFideId "4115341"]
[BlackFideId "5057000"]
[WhiteElo "2425"]
[BlackElo "2507"]
[Result "0-1"]
[Round "05"]
[TimeControl "180+2"]
[Date "2023.03.28"]
[WhiteClock "0:00:02"]
[BlackClock "0:00:14"]

1. e4 c6 2. Nf3 d5 3. Nc3 dxe4 4. Nxe4 Nf6 5. Qe2 Nxe4 6. Qxe4 Be6 7. Be2 Nd7 8. O-O Nf6 9. Qh4 Bf5 10. c3 e6 11. d4 Be7 12. Qg3 O-O 13. Ne5 Ne4 14. Qe3 Nf6 15. h3 a5 16. a4 Nd5 17. Qg3 Nf6 18. Bh6 Bg6 19. Nxg6 hxg6 20. Bf4 Nd5 21. Bd2 Bf6 22. Rfe1 Qb6 23. Rab1 Rfd8 24. b3 c5 25. dxc5 Qxc5 26. Rec1 Rac8 27. Qg4 Bxc3 28. Bg5 Re8 29. Bf3 Qb4 30. Rd1 Qxg4 31. hxg4 Rc5 32. Rd3 Bf6 33. Bd2 b6 34. Rd1 g5 35. Bxd5 Rxd5 36. Rxd5 exd5 37. Kf1 d4 38. Rc1 d3 39. Be3 Re6 40. Ke1 Rd6 41. Kd2 Kh7 42. Rc7 Kg6 43. Rb7 Bd8 44. f3 Kf6 45. Bf2 Ke6 46. Bg3 Rd4 0-1


[Site "https://www.chess.com"]

[Event "Titled Tuesday Blitz March 28 Early 2023"]
[White "Ibarra Jerez, Jose Carlos"]
[Black "Cuenca Jimenez, Jose Fernando"]
[WhiteFideId "2226332"]
[BlackFideId "2255570"]
[WhiteElo "2638"]
[BlackElo "2429"]
[Result "1-0"]
[Round "05"]
[TimeControl "180+2"]
[Date "2023.03.28"]
[WhiteClock "0:01:05"]
[BlackClock "0:00:04"]

1. e4 c5 2. Ne2 Nc6 3. Nbc3 Nd4 4. Nxd4 cxd4 5. Ne2 e5 6. c3 d5 7. cxd4 exd4 8. e5 d3 9. Nf4 Ne7 10. Bxd3 Nc6 11. O-O Be7 12. e6 Bxe6 13. Nxe6 fxe6 14. Qh5+ Kd7 15. Re1 g6 16. Qh3 Qg8 17. b4 Bf6 18. Rb1 Re8 19. b5 Nd8 20. Ba3 Qf7 21. Qg3 e5 22. Be2 h5 23. Rbc1 Ne6 24. b6 a6 25. Qb3 Nd4 26. Rc7+ Ke6 27. Qxd5+ Kxd5 28. Bc4# 1-0


[Site "https://www.chess.com"]

[Event "Titled Tuesday Blitz March 28 Early 2023"]
[White "Moroni, Luca Jr"]
[Black "Aveskulov, Valeriy"]
[WhiteFideId "865834"]
[BlackFideId "14109743"]
[WhiteElo "2569"]
[BlackElo "2552"]
[Result "1-0"]
[Round "05"]
[TimeControl "180+2"]
[Date "2023.03.28"]
[WhiteClock "0:00:04"]
[BlackClock "0:00:04"]

1. d4 Nf6 2. Bf4 d5 3. e3 c5 4. dxc5 Nc6 5. Bb5 e6 6. b4 Bd7 7. c3 Be7 8. Nf3 O-O 9. Nbd2 b6 10. cxb6 Nxb4 11. Be2 Nc6 12. b7 Rb8 13. Bxb8 Qxb8 14. Rb1 Qc7 15. Qa4 Rb8 16. Qa6 Bc5 17. Nd4 Nd8 18. O-O Bb6 19. c4 Nxb7 20. cxd5 Nc5 21. Qa3 Nxd5 22. Rfc1 Rc8 23. N2b3 e5 24. Nb5 Bxb5 25. Bxb5 e4 26. Ba6 Nxa6 27. Rxc7 Naxc7 28. Rc1 Rd8 29. Nd4 g6 30. h3 Bxd4 31. exd4 Ne6 32. Qxa7 Ndf4 33. Rb1 Rxd4 34. a4 Ne2+ 35. Kh1 Nc3 36. Ra1 e3 37. fxe3 Rd2 38. a5 Kg7 39. a6 Ne4 40. Qb8 N6g5 41. Qe5+ f6 42. Qc7+ Kh6 43. a7 Nf2+ 44. Kg1 Nfxh3+ 45. gxh3 Nf3+ 46. Kh1 g5 47. a8=Q Nh4 48. Qf8+ Kg6 49. Qcg7+ Kf5 50. Qfxf6+ Ke4 51. Qe5+ Kf3 52. Qgf6+ Ke2 53. Qf1# 1-0


[Site "https://www.chess.com"]

[Event "Titled Tuesday Blitz March 28 Early 2023"]
[White "Tatarinov, Dmitry"]
[Black "Movahed, Sina"]
[WhiteFideId "24160067"]
[BlackFideId "42520835"]
[WhiteElo "2326"]
[BlackElo "2225"]
[Result "0-1"]
[Round "05"]
[TimeControl "180+2"]
[Date "2023.03.28"]
[WhiteClock "0:01:07"]
[BlackClock "0:01:18"]

1. d4 Nf6 2. c4 g6 3. Nf3 Bg7 4. g3 O-O 5. Bg2 d6 6. O-O Nbd7 7. Nc3 e5 8. e4 exd4 9. Nxd4 Re8 10. f3 c6 11. Re1 d5 12. cxd5 cxd5 13. exd5 Rxe1+ 14. Qxe1 Nb6 15. Be3 Nbxd5 16. Nxd5 Nxd5 17. Bf2 Nf4 18. Rd1 Nxg2 19. Nc6 Qf8 20. Ne7+ Kh8 21. Kxg2 Be6 22. Nd5 Re8 23. Nc7 Bh3+ 24. Kxh3 Rxe1 25. Rxe1 Qc8+ 26. g4 Qxc7 27. Re8+ Bf8 28. Rxf8+ Kg7 29. Re8 Qc6 30. Bd4+ f6 31. Re7+ Kf8 32. Re3 Kf7 33. a3 h5 34. gxh5 Qd7+ 35. Kg3 Qxd4 36. hxg6+ Kxg6 37. Rb3 Qe5+ 38. Kg2 b5 39. Rb4 a5 0-1


[Site "https://www.chess.com"]

[Event "Titled Tuesday Blitz March 28 Early 2023"]
[White "Harsha Bharathakoti"]
[Black "wqws"]
[WhiteFideId "5078776"]
[WhiteElo "2481"]
[BlackElo "2675"]
[Result "1-0"]
[Round "05"]
[TimeControl "180+2"]
[Date "2023.03.28"]
[WhiteClock "0:00:05"]
[BlackClock "0:00:05"]

1. Nf3 Nf6 2. b3 d5 3. Bb2 c5 4. e3 Nc6 5. Bb5 Bd7 6. O-O e6 7. d3 Rc8 8. Nbd2 a6 9. Bxc6 Bxc6 10. Ne5 Bd6 11. f4 O-O 12. a4 Nd7 13. Nxc6 Rxc6 14. e4 d4 15. a5 e5 16. f5 Be7 17. Nc4 Rh6 18. Rf3 Bg5 19. Qe2 Re8 20. g3 Rc6 21. Kh1 Bf6 22. Bc1 Bg5 23. Bb2 Bf6 24. Rf2 b5 25. axb6 Qc8 26. Bc1 Nxb6 27. Na5 Rc7 28. Bd2 Qd8 29. h4 Nd7 30. Nc4 Rc6 31. Rh2 Qc8 32. g4 Bd8 33. g5 a5 34. Rg2 Ra6 35. h5 a4 36. bxa4 Qc6 37. a5 Nb6 38. Nxb6 Bxb6 39. g6 fxg6 40. fxg6 h6 41. Qf1 Rf8 42. Rf2 Raa8 43. Rf7 Bc7 44. Qf5 Bd6 45. Qe6 Kh8 46. Raf1 Rxf7 47. Rxf7 Qc8 48. Qxc8+ Rxc8 49. a6 Ra8 50. a7 c4 51. dxc4 Bc5 52. Ba5 Bxa7 53. Bc7 Bc5 54. Bxe5 Bf8 55. Bxd4 Kg8 56. c5 Ra4 57. c3 Rc4 58. Kg2 Bxc5 59. Rc7 1-0


[Site "https://www.chess.com"]

[Event "Titled Tuesday Blitz March 28 Early 2023"]
[White "Rakhmanov, Aleksandr"]
[Black "Amilal Munkhdalai"]
[WhiteFideId "4173708"]
[BlackFideId "4903250"]
[WhiteElo "2530"]
[BlackElo "2293"]
[Result "0-1"]
[Round "05"]
[TimeControl "180+2"]
[Date "2023.03.28"]
[WhiteClock "0:00:04"]
[BlackClock "0:00:06"]

1. c4 Nf6 2. Nc3 e6 3. e4 d5 4. exd5 exd5 5. d4 c6 6. Bd3 dxc4 7. Bxc4 Bd6 8. Nge2 h6 9. O-O O-O 10. f3 Re8 11. Ng3 Be6 12. Bxe6 Rxe6 13. Nge4 Bb4 14. Bf4 Bxc3 15. bxc3 Nbd7 16. Rb1 b5 17. Bg3 Qe7 18. Bh4 g5 19. Bg3 Nd5 20. Qb3 f5 21. Nd2 N7b6 22. Rbe1 Re8 23. c4 bxc4 24. Nxc4 Nxc4 25. Qxc4 Qf7 26. Be5 Qd7 27. h3 Kh7 28. Rf2 Nf4 29. Rb1 Ng6 30. Rfb2 Qd5 31. Rb7+ R8e7 32. Qxd5 cxd5 33. Kf2 Nxe5 34. Rxe7+ Rxe7 35. dxe5 Rxe5 36. Rb7+ Kg6 37. Rxa7 d4 38. Ra6+ Kg7 39. Ra3 f4 40. Rd3 Ra5 41. a3 Kf6 42. Rb3 Ke5 43. Ke2 Ra4 44. Kd3 Kd5 45. Rb5+ Ke6 46. Rb6+ Kd5 47. Rb3 Ke5 48. Rb5+ Kd6 49. Rb3 Kd5 50. Kc2 Kc4 51. Rd3 Ra5 52. Rb3 Re5 53. Rb4+ Kc5 54. Kd2 Re3 55. Ra4 Rb3 56. Ra6 Rb2+ 57. Kd3 Rb3+ 58. Kc2 Re3 59. Kd2 Rb3 60. Rxh6 Rb2+ 61. Kd3 Rxg2 62. Rh5 Rg3 63. Ke2 Kc4 64. a4 d3+ 65. Kf2 d2 66. Ke2 Kc3 67. Rh8 Rg2+ 68. Kf1 d1=Q+ 69. Kxg2 Qe2+ 70. Kg1 Qxf3 71. Kh2 Qf2+ 72. Kh1 Qf3+ 73. Kh2 Qg3+ 74. Kh1 f3 0-1


[Site "https://www.chess.com"]

[Event "Titled Tuesday Blitz March 28 Early 2023"]
[White "Kilic, Eray"]
[Black "Ahmadzada, Ahmad"]
[WhiteFideId "44517173"]
[BlackFideId "13413007"]
[WhiteElo "2328"]
[BlackElo "2388"]
[Result "1/2-1/2"]
[Round "05"]
[TimeControl "180+2"]
[Date "2023.03.28"]
[WhiteClock "0:00:09"]
[BlackClock "0:00:02"]

1. d4 Nf6 2. Nc3 d5 3. Bf4 c5 4. e4 Nxe4 5. Nxe4 dxe4 6. dxc5 Qa5+ 7. c3 Qxc5 8. Qa4+ Nc6 9. Qxe4 Bf5 10. Qe3 e6 11. Nf3 O-O-O 12. Be2 Be7 13. O-O Qxe3 14. Bxe3 Bd3 15. Rfe1 Bxe2 16. Rxe2 e5 17. g3 f6 18. a4 Kd7 19. a5 Ke6 20. b4 a6 21. Kg2 Rd3 22. Rc1 Rhd8 23. Bb6 R8d7 24. Rcc2 h5 25. Nd2 g5 26. Nc4 Rd1 27. h3 f5 28. Nxe5 Nxe5 29. f4 gxf4 30. gxf4 Bf6 31. Bd4 Rd5 32. fxe5 Bxe5 33. Be3 Kf6 34. c4 R5d3 35. Red2 R1xd2+ 36. Bxd2 f4 37. b5 f3+ 38. Kf1 Bd4 39. bxa6 bxa6 40. c5 Rb3 41. c6 Rb1+ 42. Rc1 Rxc1+ 43. Bxc1 Ke6 44. Bf4 Bc5 45. h4 Bd4 46. Bg3 Ba7 47. Bf4 Bd4 48. Bg3 Be3 49. Bh2 Bd4 50. Bg3 1/2-1/2


[Site "https://www.chess.com"]

[Event "Titled Tuesday Blitz March 28 Early 2023"]
[White "Costachi, Mihnea"]
[Black "Domingo Nunez, Alejandro"]
[WhiteFideId "1217518"]
[BlackFideId "22245561"]
[WhiteElo "2456"]
[BlackElo "2230"]
[Result "0-1"]
[Round "05"]
[TimeControl "180+2"]
[Date "2023.03.28"]
[WhiteClock "0:00:38"]
[BlackClock "0:00:30"]

1. Nc3 g6 2. d4 Bg7 3. e4 c6 4. Nf3 d5 5. Be2 dxe4 6. Nxe4 Nf6 7. Ng3 h5 8. h3 Na6 9. c3 Nc7 10. Ne5 Ncd5 11. Bg5 h4 12. Nf1 Ne4 13. Be3 Bf5 14. Qb3 Qc7 15. Nf3 O-O-O 16. c4 Nxe3 17. Nxe3 Bxd4 18. Nxd4 Rxd4 19. O-O Nd2 20. Qc3 Nxf1 21. Bxf1 Rhd8 22. Nxf5 gxf5 23. Qf3 e6 24. Re1 Qf4 25. Qa3 Kb8 26. Qe7 R4d7 27. Qf6 Qd4 28. Qg5 Qd2 29. Re3 Qc1 30. Qf4+ Ka8 31. Re4 Rd1 32. Qxc1 Rxc1 33. Rxh4 a5 34. Rh7 Rdd1 35. Rxf7 Rxf1+ 36. Kh2 Rxf2 37. h4 Rxc4 38. Kh3 Rg4 39. h5 Rfxg2 40. h6 R2g3+ 41. Kh2 f4 42. Rxf4 Rxf4 43. Kxg3 Rf6 44. h7 Rh6 45. h8=Q+ Rxh8 0-1


[Site "https://www.chess.com"]

[Event "Titled Tuesday Blitz March 28 Early 2023"]
[White "Kaidanov, Gregory"]
[Black "Moussard, Jules"]
[WhiteFideId "2008564"]
[BlackFideId "642908"]
[WhiteElo "2547"]
[BlackElo "2610"]
[Result "0-1"]
[Round "05"]
[TimeControl "180+2"]
[Date "2023.03.28"]
[WhiteClock "0:01:46"]
[BlackClock "0:02:04"]

1. Nf3 b6 2. g3 Bb7 3. Bg2 g6 4. O-O Bg7 5. d3 c5 6. e4 d6 7. Nc3 Nf6 8. Ng5 h6 9. Nh3 Nc6 10. f4 Qd7 11. Nf2 e5 12. f5 gxf5 13. Bh3 Nd4 14. Ne2 Nf3+ 15. Kg2 Ng5 16. Ng1 Nxh3 17. Ngxh3 fxe4 18. Kg1 exd3 19. cxd3 Qc6 20. Ne4 Nxe4 21. dxe4 Qxe4 0-1


[Site "https://www.chess.com"]

[Event "Titled Tuesday Blitz March 28 Early 2023"]
[White "Salinas Herrera, Pablo"]
[Black "Tokhirjonova, Gulrukhbegim"]
[WhiteFideId "3407128"]
[BlackFideId "14203626"]
[WhiteElo "2550"]
[BlackElo "2268"]
[Result "1-0"]
[Round "05"]
[TimeControl "180+2"]
[Date "2023.03.28"]
[WhiteClock "0:00:13"]
[BlackClock "0:00:08"]

1. d4 Nf6 2. Nf3 g6 3. Nbd2 d5 4. e3 Bg7 5. b4 Bf5 6. c4 dxc4 7. Bxc4 O-O 8. O-O c6 9. a4 a5 10. b5 Nbd7 11. Bb2 Nb6 12. Be2 Rc8 13. Qb3 Be6 14. Qa3 Nbd5 15. Rac1 Nb4 16. Nc4 cxb5 17. axb5 b6 18. Nfe5 Nfd5 19. Rfd1 f6 20. Nf3 Bh6 21. Bf1 Bd7 22. Qb3 Bxb5 23. Ba3 e6 24. Nfd2 Qd7 25. Re1 Ba4 26. Qb2 Rc6 27. e4 Nf4 28. Bxb4 axb4 29. Qxb4 b5 30. Ne3 Rxc1 31. Rxc1 Rd8 32. g3 Qxd4 33. Qxd4 Rxd4 34. Nf3 Rxe4 35. gxf4 Bxf4 36. Rc8+ Kg7 37. Nc2 h5 38. Ncd4 Bd6 39. Nxb5 Bxb5 40. Bxb5 Rg4+ 41. Kf1 Rf4 42. Be2 g5 43. Rc6 Bb8 44. Rxe6 Rb4 45. h3 Kg6 46. Bd3+ Kf7 47. Rc6 Bf4 48. Bc4+ Kg7 49. Nd4 g4 50. hxg4 hxg4 51. Ne6+ Kg6 52. Nxf4+ Kf5 53. Nd3 Rb1+ 54. Kg2 Kg5 55. Bd5 f5 56. Rc4 f4 57. Nxf4 Rd1 58. Ne6+ Kf6 59. Rc5 1-0


[Site "https://www.chess.com"]

[Event "Titled Tuesday Blitz March 28 Early 2023"]
[White "Martic, Ivan"]
[Black "Chigaev, Maksim"]
[WhiteFideId "929301"]
[BlackFideId "4108116"]
[WhiteElo "2360"]
[BlackElo "2547"]
[Result "0-1"]
[Round "05"]
[TimeControl "180+2"]
[Date "2023.03.28"]
[WhiteClock "0:00:13"]
[BlackClock "0:00:10"]

1. d4 Nf6 2. Bg5 g6 3. Bxf6 exf6 4. e3 d5 5. g3 h5 6. h4 c6 7. Nd2 Bd6 8. Bg2 Bg4 9. Qc1 Nd7 10. c4 dxc4 11. Qxc4 Qe7 12. Ngf3 O-O 13. O-O Nb6 14. Qb3 Be6 15. Qd3 f5 16. a3 Bd5 17. Ng5 Rad8 18. Bxd5 cxd5 19. Rac1 Nd7 20. Rc2 Nf6 21. Rfc1 Ne4 22. Ndf3 Kg7 23. Kg2 Rfe8 24. Qb3 Bb8 25. Nh3 Nf6 26. Ne1 Rd6 27. Qd3 Re6 28. Rc8 Bd6 29. Rxe8 Qxe8 30. Qb3 Re7 31. Nd3 Rxe3 32. fxe3 Qxe3 33. Nhf4 Ne4 34. Qc2 Qxg3+ 35. Kf1 Bxf4 36. Nxf4 Qxf4+ 37. Ke1 Qe3+ 38. Kf1 Qf4+ 39. Ke1 Qxh4+ 40. Kf1 Qh1+ 41. Ke2 Qg2+ 42. Ke3 Qg3+ 43. Ke2 Qf2+ 44. Kd3 Qf3# 0-1


[Site "https://www.chess.com"]

[Event "Titled Tuesday Blitz March 28 Early 2023"]
[White "Drori, Saar"]
[Black "demon64fields"]
[WhiteFideId "2812444"]
[WhiteElo "2322"]
[BlackElo "2855"]
[Result "0-1"]
[Round "05"]
[TimeControl "180+2"]
[Date "2023.03.28"]
[WhiteClock "0:01:22"]
[BlackClock "0:01:46"]

1. e4 e6 2. d3 d5 3. Nd2 Nf6 4. Ngf3 Be7 5. g3 b6 6. e5 Nfd7 7. Bg2 Bb7 8. O-O c5 9. Re1 Nc6 10. Nf1 Qc7 11. Bf4 O-O-O 12. h4 Rdg8 13. c4 d4 14. N1d2 h6 15. Ne4 g5 16. hxg5 hxg5 17. Nexg5 Rg7 18. Ne4 Rgh7 19. Nf6 Nxf6 20. exf6 Bd6 21. Bxd6 Qxd6 22. Ng5 Rh2 23. Be4 Ne5 24. f4 Bxe4 25. dxe4 Rh1+ 0-1


[Site "https://www.chess.com"]